 Dungeon Crawl Stone Soup version 0.27.1-34-g3ba077fa99 (webtiles) character file.

Game seed: 12468751437864341975

91 styxcanada the Sneak (level 4, -3/23 HPs)
             Began as a Spriggan Brigand on Jan 27, 2022.
             Shot with an arrow by a centaur (8 damage)
             ... on level 6 of the Dungeon.
             The game lasted 00:10:49 (3307 turns).

styxcanada the Sneak (Spriggan Brigand)             Turns: 3307, Time: 00:10:49

Health: -3/23      AC:  3    Str:  7    XL:     4   Next: 33%
Magic:  5/5        EV: 18    Int: 12    God:
Gold:   121        SH:  0    Dex: 23    Spells: 3/3 levels left

rFire    . . .     SeeInvis +   a - +3 dagger
rCold    . . .     Faith    .   (shield restricted)
rNeg     . . .     Spirit   .   b - +0 robe
rPois    .         Reflect  .   (helmet restricted)
rElec    .         Harm     .   c - +0 cloak
rCorr    .         Rampage  .   (gloves unavailable)
Will     .....                  (boots unavailable)
Stlth    ++++......             (no amulet)
HPRegen  0.07/turn              m - +6 ring of dexterity
MPRegen  0.09/turn              (no ring)

@: very quick
A: very small, no large weapons, unfitting armour, see invisible, speed 3
a: no special abilities


You were on level 6 of the Dungeon.
You visited 1 branch of the dungeon, and saw 4 of its levels.

You collected 121 gold pieces.

Inventory:

Hand Weapons
 a - a +3 dagger (weapon)
 q - a +0 hunting sling
Missiles
 d - 22 poisoned darts (quivered)
 e - 2 curare-tipped darts
 h - 3 boomerangs
 j - 38 stones
 s - 13 sling bullets
Armour
 b - a +0 robe (worn)
 c - a +0 cloak (worn)
Jewellery
 m - a +6 ring of dexterity (left hand)
Scrolls
 f - a scroll of teleportation
 g - a scroll of enchant weapon
 k - a scroll of amnesia
Potions
 o - a potion of haste
 r - a potion of attraction {unknown}


   Skills:
 * Level 1.9 Fighting
 + Level 2.7 Short Blades
 + Level 2.4 Throwing
 * Level 2.3 Dodging
 * Level 7.5 Stealth


You had 3 spell levels left.
You didn't know any spells.
Your spell library was empty.

Dungeon Overview and Level Annotations

Branches:
Dungeon (3/15)

Altars:

Shops:
D:2 :

Annotations:
D:6 3 runed translucent doors, Fractals's ghost, novice DjTm


Innate Abilities, Weirdness & Mutations

You are very small and have problems with some larger weapons.
You are too small for most types of armour.
You have supernaturally acute eyesight. (SInv)
You cover ground extremely quickly. (Speed+++)


Message History

You feel much better.
Throw: 27 darts (poison)
Press: ? - help, Q - select action, (/) - cycle Shift-Dir - straight line, f/p - centaur
Aim: a centaur, wielding a +0 shortbow and quivering arrows (lightly wounded, poisoned, 74% to hit)
You throw a poisoned dart.
The poisoned dart barely misses the centaur.
The poisoned dart hits the kobold.
The kobold is poisoned.
The centaur shoots an arrow.
The arrow hits you.
Throw: 26 darts (poison)
Press: ? - help, Q - select action, (/) - cycle Shift-Dir - straight line, f/p - centaur
Aim: a centaur, wielding a +0 shortbow and quivering arrows (lightly wounded, poisoned, 74% to hit)
You throw a poisoned dart. The poisoned dart hits the centaur.
The centaur looks even sicker.
The centaur is lightly wounded.
The centaur shoots an arrow.
The arrow barely misses you.
The centaur shoots an arrow.
The arrow hits you.
Throw: 25 darts (poison)
Press: ? - help, Q - select action, (/) - cycle Shift-Dir - straight line, f/p - centaur
Aim: a centaur, wielding a +0 shortbow and quivering arrows (lightly wounded, very poisoned, 74% to hit)
You throw a poisoned dart. The poisoned dart hits the centaur!
The centaur looks as sick as possible!
The centaur is lightly wounded.
The centaur shoots an arrow.
The arrow hits you!
* * * LOW HITPOINT WARNING * * *
Throw: 24 darts (poison)
Press: ? - help, Q - select action, (/) - cycle Shift-Dir - straight line, f/p - centaur
Aim: a centaur, wielding a +0 shortbow and quivering arrows (lightly wounded, extremely poisoned, 74% to hit)
You throw a poisoned dart. The poisoned dart hits the centaur!
The centaur looks as sick as possible!
The centaur is lightly wounded.
The centaur shoots an arrow.
The arrow misses you.
A kobold comes into view. It is wielding a +0 short sword.
Throw: 23 darts (poison)
Press: ? - help, Q - select action, (/) - cycle Shift-Dir - straight line, f/p - centaur
Aim: a centaur, wielding a +0 shortbow and quivering arrows (moderately wounded, extremely poisoned, 74% to hit)
You throw a poisoned dart. The poisoned dart hits the centaur.
The centaur looks as sick as possible!
The centaur is moderately wounded.
The centaur shoots an arrow.
The arrow hits you!
You die...

#.. #..# #..# #..#
#..# #..#
#..##################
#...........@..cK(..#
#
##.##############K..#
####.###### #...#
#.........# .K....
.......#.##....
...c.... #######.#.##
# ........# .#
##s###.#####
##...#.... .# #.#
##....## .......## .#
##.###.##...####..5K.


You could see a centaur (extremely poisoned) and 2 kobolds.

Vanquished Creatures
  3 adders
  A worm (D:2)
  A dart slug (D:1)
  3 bats (D:1)
  8 endoplasms
  5 goblins
  4 hobgoblins
  2 jackals (D:2)
  5 kobolds (D:2)
  4 quokkas
  7 ball pythons
  7 frilled lizards
  3 rats
53 creatures vanquished.

Notes
Turn   | Place    | Note
-------+----------+-------------------------------------------
     0 | D:1      | styxcanada the Spriggan Brigand began the quest for the
                  | Orb.
     0 | D:1      | Reached XP level 1. HP: 10/10 MP: 2/2
    48 | D:1      | Reached skill level 6 in Stealth
   134 | D:1      | Reached XP level 2. HP: 5/14 MP: 3/3
  1114 | D:1      | Found a faded altar of an unknown god.
  1568 | D:2      | Found Hux Agh's Book Boutique.
  1608 | D:2      | Reached XP level 3. HP: 18/18 MP: 4/4
  1744 | D:2      | Reached skill level 7 in Stealth
  2918 | D:2      | Reached XP level 4. HP: 23/23 MP: 5/5
  3184 | D:3      | You fall into a shaft and drop 3 floors!
  3184 | D:6      | Noticed a phantom
  3194 | D:6      | Noticed a black bear
  3195 | D:6      | Noticed Fractals's ghost (novice DjTm)
  3196 | D:6      | Noticed a wraith
  3200 | D:6      | Found a runed translucent gate.
  3200 | D:6      | Found a runed translucent gate.
  3200 | D:6      | Found a runed translucent gate.
  3269 | D:6      | Noticed a kobold brigand
  3277 | D:6      | Noticed a scorpion
  3294 | D:6      | Noticed a centaur
  3307 | D:6      | Shot with an arrow by a centaur

Illustrated notes

Levels and vault maps discovered:
D:1:      minmay_arrival_stone_box, layout_basic,
          chequers_ecumenical_altar_simple
D:2:      layout_loops_ring, serial_shops, shop
D:3:      layout_basic, grunt_temple_overflow_bloody_war,
          grunt_temple_overflow_open, serial_aquarium, aquarium_bridge_square
          [aquarium_subvault_bridge, aquarium_subvault_window,
          aquarium_subvault_bridge, aquarium_subvault_balcony],
          aquarium_window_fake, aquarium_window_2, aquarium_view_2c,
          aquarium_pool_2
D:6:      minmay_diamond_boxcup, layout_loops_ring, temple_doors_e,
          gammafunk_ghost_split, uniq_sigmund

Skill      XL: |  1  2  3 |
---------------+----------+-----
Stealth        | 6 7 |  7.5
Dodging        | 2 |  2.3
Fighting       | |  1.9
Short Blades   | |  2.7
Throwing       | |  2.4

Action                   |  1- 3 |  4- 6 || total
-------------------------+-------+-------++-------
Melee: Dagger            |   120 |    22 ||   142
 Fire: Hunting sling     |     1 |       ||     1
Throw: Dart              |    24 |    12 ||    36
  Use: Scroll            |       |     8 ||     8
       Potion            |       |     1 ||     1
 Stab: Sleeping          |    19 |     2 ||    21
Armor: Robe              |    12 |     2 ||    14
Dodge: Dodged            |    78 |    22 ||   100
